 Dungeon Crawl Stone Soup version 0.29.1-15-g9cfb28693d (webtiles) character file.

Game seed: 13591223424064511320

2118 jtron the Protected (level 9, -8/68 HPs)
             Began as a Gnoll Wanderer on Feb 27, 2023.
             Was a Follower of Okawaru.
             Mangled by Menkaure (15 damage)
             ... on level 7 of the Dungeon.
             The game lasted 00:22:01 (6194 turns).

jtron the Protected (Gnoll Wanderer)                Turns: 6194, Time: 00:22:01

Health: -8/68      AC: 20    Str: 15    XL:     9   Next: 29%
Magic:  13/15      EV: 11    Int:  9    God:    Okawaru [*.....]
Gold:   360        SH:  6    Dex: 15    Spells: 16/16 levels left

rFire   . . .      SeeInvis .     - Unarmed
rCold   . . .      Faith    .   w - +0 buckler
rNeg    . . .      Spirit   .   e - +0 chain mail
rPois   +          Reflect  .   (no helmet)
rElec   .          Harm     .   (no cloak)
rCorr   .          Rampage  .   (no gloves)
Will    .....                   j - +2 pair of boots
Stlth   ++........              (no amulet)
HPRegen 0.21/turn               g - ring of poison resistance
MPRegen 0.14/turn               k - +4 ring of protection

@: heroic
A: fangs 1, strong nose, distributed training
a: Renounce Religion, Heroism


You were on level 7 of the Dungeon.
You worshipped Okawaru.
Okawaru was aware of your devotion.
You visited 2 branches of the dungeon, and saw 8 of its levels.

You collected 360 gold pieces.

Inventory:

Hand Weapons
 b - a +0 shortbow
 h - a +0 spear
Missiles
 c - 2 poisoned darts
 s - a silver boomerang
 t - 6 boomerangs
 x - 5 curare-tipped darts (quivered)
Armour
 a - +0 steam dragon scales
 e - a +0 chain mail (worn)
 j - a +2 pair of boots (worn)
 w - a +0 buckler (worn)
Jewellery
 g - a ring of poison resistance (left hand)
 i - a ring of ice
 k - a +4 ring of protection (right hand)
 l - a ring of wizardry
 o - a ring of willpower
Wands
 q - a wand of iceblast (4)
 v - a wand of flame (49)
Scrolls
 d - 2 scrolls of magic mapping {unknown}
 f - a scroll of noise {unknown}
 m - a scroll of fear {unknown}
 n - a scroll of silence
 r - a scroll of poison {unknown}
Potions
 p - 2 potions of resistance
 u - a potion of lignification
 z - a potion of might {unknown}


   Skills:
 + Level 5.0(10.0) Fighting
 + Level 4.2(9.2) Short Blades
 + Level 4.2(9.2) Long Blades
 + Level 4.2(9.2) Axes
 + Level 4.2(9.2) Maces & Flails
 + Level 4.2(9.2) Polearms
 + Level 4.2(9.2) Staves
 + Level 4.2(9.2) Ranged Weapons
 + Level 4.2(9.2) Throwing
 + Level 9.6(14.6) Armour
 + Level 5.0(10.0) Dodging
 + Level 6.0(11.0) Stealth
 + Level 4.2(9.2) Shields
 + Level 6.3(11.3) Unarmed Combat
 + Level 4.2 Spellcasting
 + Level 3.5 Conjurations
 + Level 3.5 Hexes
 + Level 3.5 Summonings
 + Level 3.5 Necromancy
 + Level 3.5 Translocations
 + Level 3.5 Transmutations
 + Level 3.5 Fire Magic
 + Level 3.5 Ice Magic
 + Level 3.5 Air Magic
 + Level 3.5 Earth Magic
 + Level 3.5 Poison Magic
 + Level 4.7 Invocations
 + Level 4.2 Evocations


You had 16 spell levels left.
You didn't know any spells.
Your spell library contained the following spells:

 Spells                   Type           Power      Damage    Failure   Level
 Freeze                   Ice            32%        1d5       56%         1
 Sublimation of Blood     Necr           8%         N/A       71%         2
 Wereblood                Tmut           8%         N/A       71%         2
 Frozen Ramparts          Ice            16%        1d3       91%         3
 Hailstorm                Conj/Ice       8%         3d4       100%        4
 Ice Form                 Ice/Tmut       8%         N/A       100%        4
 Borgnjor's Vile Clutch   Necr/Erth      4%         N/A       100%        5
 Animate Dead             Necr           Unusable   N/A       N/A         4
 Death Channel            Necr           Unusable   N/A       N/A         6
 Simulacrum               Ice/Necr       Unusable   N/A       N/A         6
 Summon Hydra             Summ           Unusable   N/A       N/A         7

Dungeon Overview and Level Annotations

Branches:
Dungeon (7/15)             Temple (1/1) D:6

Altars:
Ashenzari
Cheibriados
Dithmenos
Elyvilon
Fedhas
Gozag
Hepliaklqana
Kikubaaqudgha
Nemelex Xobeh
Okawaru
Qazlal
Ru
Sif Muna
Trog
Uskayaw
Vehumet
Wu Jian
Yredelemnul
Zin
The Shining One

Annotations:
D:5 3 runed translucent doors, ShinQuickMan's ghost, amateur DESu
D:7 Menkaure


Innate Abilities, Weirdness & Mutations

You have very sharp teeth.
Your uncanny sense of smell can sniff out nearby items.
Your experience applies equally to all skills.


Message History

You barely miss the wyvern.
The wyvern is almost dead.
The wyvern bites you but does no damage.
You hit the wyvern but do no damage.
The wyvern is almost dead.
You kill the wyvern!
Okawaru accepts your kill.
You can now gain great but temporary skills.
You start resting.
HP restored.
x - 4 curare-tipped darts (gained 1)
Found a stone staircase leading down.
x - 5 curare-tipped darts (gained 1) Menkaure shouts!
Menkaure points at you and mumbles some strange words.
Pain shoots through your body!
Menkaure calls on the powers of darkness!
Your body is wracked with pain!
Found a leather armour.
You hit Menkaure.
Menkaure is lightly damaged.
Menkaure calls on the powers of darkness!
Your body is wracked with pain!
* * * LOW HITPOINT WARNING * * *
You gain the combat prowess of a mighty hero.
Menkaure closely misses you.
You punch Menkaure! You bite Menkaure, but do no damage.
Menkaure is severely damaged.
You hit Menkaure.
Menkaure is almost destroyed.
Menkaure hits you!
* * * LOW HITPOINT WARNING * * *
You hit Menkaure.
Menkaure is almost destroyed.
Menkaure mumbles some strange words.
Menkaure seems to speed up.
You barely miss Menkaure. Your bite misses Menkaure.
Menkaure is almost destroyed.
Menkaure hits you!
You die...

.....#####.....
...[...... #...... ##
###..................
#.##.........###....##..
...........# ##...##..
#.........## #.....#..
###..........##..##.....
#...>...M....##.. ......
###.#...@.......< ......
#...#...........
#.....###......
##.............
#..............
##.............
####.##.........
#............###
#...#..†.....#.### .


You could see Menkaure (fast).

Vanquished Creatures
  Sigmund (D:3)
  A wyvern (D:7)
  A steam dragon (D:6)
  A water moccasin (D:7)
  A black bear (D:4)
  An ogre (D:7)
  2 phantoms (D:5)
  A necrophage (D:4)
  Blork the orc (D:5)
  2 scorpions (D:4)
  3 bullfrogs
  3 howler monkeys (D:6)
  A hound (D:4)
  3 orc priests
  2 jellies
  Ijyb (D:5)
  2 iguanas
  7 orc wizards
  An adder (D:4)
  4 gnolls
  A shadow imp (D:5)
  A white imp (D:7)
  3 ufetubi
  3 worms
  5 dart slugs
  18 orcs
  6 bats
  3 endoplasms
  8 giant cockroaches
  10 goblins
  8 hobgoblins
  2 quokkas
  5 ball pythons
  4 frilled lizards
  A kobold (D:1)
  5 rats
122 creatures vanquished.

Vanquished Creatures (collateral kills)
  A scorpion (D:5)
  3 gnolls (D:5)
  An orc (D:5)
5 creatures vanquished.

Vanquished Creatures (others)
  3 fungi (D:3)
3 creatures vanquished.

Grand Total: 130 creatures vanquished

Notes
Turn   | Place    | Note
-------+----------+-------------------------------------------
     0 | D:1      | jtron the Gnoll Wanderer began the quest for the Orb.
     0 | D:1      | jtron set off with the following items: a +0 club, a potion
                  | of lignification, a scroll of teleportation, a potion of
                  | curing, a +0 chain mail.
     0 | D:1      | Reached XP level 1. HP: 17/17 MP: 1/1
    90 | D:1      | Reached XP level 2. HP: 23/23 MP: 2/2
   184 | D:1      | Reached XP level 3. HP: 26/28 MP: 3/3
   427 | D:1      | Reached skill level 1 in Invocations
   796 | D:2      | Reached skill level 1 in Short Blades
   796 | D:2      | Reached skill level 1 in Long Blades
   796 | D:2      | Reached skill level 1 in Axes
   796 | D:2      | Reached skill level 1 in Maces & Flails
   796 | D:2      | Reached skill level 1 in Polearms
   796 | D:2      | Reached skill level 1 in Staves
   796 | D:2      | Reached skill level 1 in Ranged Weapons
   796 | D:2      | Reached skill level 1 in Throwing
   796 | D:2      | Reached skill level 1 in Shields
   796 | D:2      | Reached skill level 1 in Spellcasting
   796 | D:2      | Reached skill level 1 in Evocations
   859 | D:2      | Reached XP level 4. HP: 26/34 MP: 5/5
  1193 | D:2      | Reached skill level 1 in Conjurations
  1193 | D:2      | Reached skill level 1 in Hexes
  1193 | D:2      | Reached skill level 1 in Summonings
  1193 | D:2      | Reached skill level 1 in Necromancy
  1193 | D:2      | Reached skill level 1 in Translocations
  1193 | D:2      | Reached skill level 1 in Transmutations
  1193 | D:2      | Reached skill level 1 in Fire Magic
  1193 | D:2      | Reached skill level 1 in Ice Magic
  1193 | D:2      | Reached skill level 1 in Air Magic
  1193 | D:2      | Reached skill level 1 in Earth Magic
  1193 | D:2      | Reached skill level 1 in Poison Magic
  1595 | D:3      | Found a white marble altar of Elyvilon.
  2063 | D:3      | Reached XP level 5. HP: 40/40 MP: 7/7
  2074 | D:3      | Noticed Sigmund
  2092 | D:3      | Killed Sigmund
  2093 | D:3      | Reached skill level 5 in Unarmed Combat
  2093 | D:3      | Reached XP level 6. HP: 47/47 MP: 7/9
  2527 | D:4      | Noticed a black bear
  2557 | D:4      | Killed a black bear
  2558 | D:4      | Reached XP level 7. HP: 49/52 MP: 10/10
  2898 | D:4      | Reached skill level 9 in Armour
  2898 | D:4      | Reached skill level 5 in Stealth
  3399 | D:5      | Entered Level 5 of the Dungeon
  3464 | D:5      | Noticed Ijyb
  3470 | D:5      | Killed Ijyb
  3482 | D:5      | Reached XP level 8. HP: 60/60 MP: 12/12
  3484 | D:5      | Noticed Blork the orc
  3947 | D:5      | Found a runed translucent gate.
  3947 | D:5      | Found a runed translucent gate.
  3947 | D:5      | Found a runed translucent gate.
  3966 | D:5      | Noticed ShinQuickMan's ghost (amateur DESu)
  4022 | D:5      | Killed Blork the orc
  4562 | D:6      | Found a staircase to the Ecumenical Temple.
  4590 | Temple   | Entered the Ecumenical Temple
  4840 | Temple   | Became a worshipper of Warmaster Okawaru
  5925 | D:7      | Reached XP level 9. HP: 58/66 MP: 14/14
  5977 | D:7      | Noticed Menkaure
  5987 | D:7      | Noticed a two-headed ogre
  5987 | D:7      | Noticed a two-headed ogre
  6091 | D:7      | Reached skill level 5 in Fighting
  6091 | D:7      | Reached skill level 5 in Dodging
  6120 | D:7      | Reached * piety under Okawaru
  6194 | D:7      | Mangled by Menkaure

Illustrated notes

Levels and vault maps discovered:
D:1:      dpeg_arrival_simpleton_a, layout_rooms
D:2:      layout_loops_ring, minmay_worlds_worst_comb
D:3:      layout_basic, mainiacjoe_overflow_boulevard, uniq_sigmund
D:4:      layout_loops_ring
D:5:      layout_rooms, ebering_ghost_rock_garden, dreamdust_wishing_well,
          st_stairs_2, uniq_ijyb, uniq_blork_the_orc
D:6:      layout_loops_ring, minmay_temple_entry_junction
D:7:      layout_cave_pools, dilly_guarded_unrand_devastator, uniq_menkaure
Temple:   nicolae_temple_bog_church

Skill      XL: |  1  2  3  4  5  6  7  8  9 |
---------------+----------------------------+-----
Invocations    | 1 2 3 4 |  4.7
Short Blades   | 1 2 3 4 |  4.2
Long Blades    | 1 2 3 4 |  4.2
Axes           | 1 2 3 4 |  4.2
Maces & Flails | 1 2 3 4 |  4.2
Polearms       | 1 2 3 4 |  4.2
Staves         | 1 2 3 4 |  4.2
Ranged Weapons | 1 2 3 4 |  4.2
Throwing       | 1 2 3 4 |  4.2
Shields        | 1 2 3 4 |  4.2
Spellcasting   | 1 2 3 4 |  4.2
Evocations     | 1 2 3 4 |  4.2
Conjurations   | 1 2 3 |  3.5
Hexes          | 1 2 3 |  3.5
Summonings     | 1 2 3 |  3.5
Necromancy     | 1 2 3 |  3.5
Translocations | 1 2 3 |  3.5
Transmutations | 1 2 3 |  3.5
Fire Magic     | 1 2 3 |  3.5
Ice Magic      | 1 2 3 |  3.5
Air Magic      | 1 2 3 |  3.5
Earth Magic    | 1 2 3 |  3.5
Poison Magic   | 1 2 3 |  3.5
Fighting       | 3 4 5 |  5.0
Dodging        | 3 4 5 |  5.0
Unarmed Combat | 5 6 |  6.3
Armour         | 9 |  9.6
Stealth        | 5 6 |  6.0

Action                   |  1- 3 |  4- 6 |  7- 9 || total
-------------------------+-------+-------+-------++-------
Melee: Unarmed           |    93 |   156 |   393 ||   642
       Bite              |     7 |    21 |    25 ||    53
       Punch             |     2 |     3 |     9 ||    14
 Fire: Shortbow          |       |       |     2 ||     2
Throw: Stone             |     7 |    11 |     6 ||    24
       Boomerang         |       |       |    29 ||    29
       Dart              |       |       |    17 ||    17
Invok: Heroism           |       |       |     1 ||     1
  Use: Potion            |     1 |     3 |     2 ||     6
       Scroll            |       |     2 |     8 ||    10
 Stab: Invisible         |       |     1 |       ||     1
       Distracted        |       |       |     1 ||     1
Armor: Chain mail        |    56 |    68 |   244 ||   368
       Skin              |       |    45 |     4 ||    49
Dodge: Dodged            |    36 |    33 |   133 ||   202
Block: Buckler           |       |       |    14 ||    14
